 Dungeon Crawl Stone Soup version 0.24-a0-365-ga4d96b6 (webtiles) character file.

Game seed: 1132902483796367391

34 Lazyguy211 the Chopper (level 3, -1/33 HPs)
             Began as a Minotaur Berserker on May 28, 2019.
             Was a Follower of Trog.
             Slain by a jackal (2 damage)
             ... on level 1 of the Dungeon.
             The game lasted 00:08:59 (1441 turns).

Lazyguy211 the Chopper (Minotaur Berserker)         Turns: 1441, Time: 00:08:59

Health: -1/33      AC:  2    Str: 22    XL:     3   Next: 14%
Magic:  2/2        EV: 12    Int:  4    God:    Trog [*.....]
Gold:   54         SH:  0    Dex:  9    Spells: 2/2 levels left

rFire    . . .     SeeInvis .   a - +0 hand axe
rCold    . . .     Gourm    .   (no shield)
rNeg     . . .     Faith    .   b - +0 animal skin
rPois    .         Spirit   .   (helmet restricted)
rElec    .         Reflect  .   (no cloak)
rCorr    .         Harm     .   (no gloves)
MR       .....                  (no boots)
Stlth    +.........             (no amulet)
HPRegen  0.11/turn              (no ring)
MPRegen  0.08/turn              (no ring)

@: berserk cooldown, fainting, slowed, very slow
A: retaliatory headbutt, horns 2
a: Berserk, Renounce Religion


You were on level 1 of the Dungeon.
You worshipped Trog.
Trog was aware of your devotion.
You were fainting.

You visited 1 branch of the dungeon, and saw 2 of its levels.

You collected 54 gold pieces.

Inventory:

Hand Weapons
 a - a +0 hand axe (weapon)
 f - a +0 hand axe
 h - a +0 mace
 i - a +0 dagger
 j - a +0 dagger of pain
 k - a +0 dagger
 n - a +0 club
 o - a +0 short sword
Missiles
 m - 21 poisoned darts (quivered)
Armour
 b - a +0 animal skin (worn)
Scrolls
 d - 2 scrolls of remove curse {unknown}
 e - a scroll of identify {unknown}
 p - a scroll of blinking {unknown}
 q - a scroll of noise {unknown}
 r - a scroll of enchant armour {unknown}
Potions
 g - a potion of ambrosia {unknown}
 l - 3 potions of heal wounds {unknown}
Comestibles
 c - 2 rations
 s - a chunk of flesh


   Skills:
 * Level 4.3 Fighting
 * Level 4.4 Axes
 + Level 2.5 Armour
 + Level 2.5 Dodging


You had 2 spell levels left.
You didn't know any spells.
Your spell library was empty.

Dungeon Overview and Level Annotations

Branches:
Dungeon (2/15)

Altars:


Innate Abilities, Weirdness & Mutations

You reflexively headbutt those who attack you in melee.
You have a pair of horns on your head.


Message History

The jackal bites you.
* * * LOW HITPOINT WARNING * * *
You climb upwards.
There is a stone staircase leading down here.
You're too hungry to rest.
You're too hungry to rest.
You closely miss the jackal.
The jackal is heavily wounded.
The jackal bites you but does no damage.
The jackal bites you.
* * * LOW HITPOINT WARNING * * *
You closely miss the jackal. Your headbutt misses the jackal.
The jackal is heavily wounded.
The jackal barely misses you. x2
You closely miss the jackal.
The jackal is heavily wounded.
The jackal bites you.
* * * LOW HITPOINT WARNING * * *
The jackal bites you.
You die...

.##..##.######.####...#
#..####........#.....##
#..####(.#######.#####
.##..##..# ##.##
.##......######.#.##
##.#.###.##....###.#
............###.#..#
#..#.###...## ##h#.#
#..#.# ###.# #@#.#
#..#.# #.# #)#.# #....#
#.# #.#.# #..###
###.#####.#.#
...#####..#......#.#
###
.........#.#######.#
#.. ...#######.# #.#
#.# ...........#
#####.# ##########.#
..########.# #.....#
#...........


You could see a jackal.

Vanquished Creatures
  A dart slug (D:1)
  A leopard gecko (D:1)
  4 bats (D:1)
  3 goblins (D:1)
  2 hobgoblins (D:1)
  5 jackals
  5 kobolds (D:1)
  A quokka (D:2)
  4 frilled lizards
  2 rats (D:1)
28 creatures vanquished.

Notes
Turn   | Place    | Note
-------+----------+-------------------------------------------
     0 | D:1      | Lazyguy211 the Minotaur Berserker began the quest for the
                  | Orb.
     0 | D:1      | Reached XP level 1. HP: 19/19 MP: 0/0
   213 | D:1      | Reached XP level 2. HP: 18/27 MP: 1/1
  1417 | D:1      | Reached XP level 3. HP: 20/33 MP: 2/2
  1441 | D:1      | HP: 1/33 [jackal (2)]
  1441 | D:1      | Slain by a jackal

Levels and vault maps discovered:
D:1:      lightli_iron_boxes, layout_loops_ring
D:2:      layout_basic

Skill      XL: |  1  2 |
---------------+-------+-----
Fighting       | 4 |  4.3
Axes           | 4 |  4.4
Armour         | |  2.5
Dodging        | |  2.5

Action                   || total
-------------------------++-------
Melee: Hand axe          ||    67
       Headbutt          ||     7
       Unarmed           ||     5
Invok: Berserk           ||     1
Armor: Animal skin       ||    23
Dodge: Dodged            ||    60

Table legend:
 A = Non-vault XP
 B = Vault XP
 C = Vault XP percentage of total XP
 D = Non-vault monster count
 E = Vault monster count
 F = Vault count percentage of total count
                 A         B        C        D         E       F
            +---------+---------+-------+---------+---------+-------
      Total |      49 |       0 |   0.0 |      28 |       0 |   0.0
            +---------+---------+-------+---------+---------+-------
        D:1 |      43 |       0 |   0.0 |      24 |       0 |   0.0
        D:2 |       6 |       0 |   0.0 |       4 |       0 |   0.0
            +---------+---------+-------+---------+---------+-------
